 Dungeon Sprint DCSS version 0.27.1-33-g824d729ab1 (webtiles) character file.

Game seed: 1512179059992435967

254 Hipnos the Basher (level 6, -2/45 HPs)
             Began as a Gargoyle Monk on Nov 25, 2021.
             Splashed by a jelly's acid (4 damage)
             ... in the Dungeon (Sprint I: "Red Sonja").
             The game lasted 00:01:25 (423 turns).

Hipnos the Basher (Gargoyle Monk)                    Turns: 423, Time: 00:01:25

Health: -2/45      AC: -4    Str: 16    XL:     6   Next: 15%
Magic:  6/6        EV: 12    Int: 11    God:
Gold:   162        SH:  0    Dex: 12    Spells: 5/5 levels left

rFire    . . .     SeeInvis .   a - +0 mace
rCold    . . .     Faith    .   (no shield)
rNeg     + . .     Spirit   .   i - +0 leather armour
rPois    ∞         Reflect  .   (no helmet)
rElec    +         Harm     .   (no cloak)
rCorr    .         Rampage  .   (no gloves)
Will     .....     NoTele   +   (no boots)
Stlth    ++........             (no amulet)
HPRegen  0.15/turn              (no ring)
MPRegen  0.10/turn              (no ring)

@: corroded
A: sickness immunity, AC +4, negative energy resistance 1, electricity
resistance, torment resistance 1, petrification resistance
a: no special abilities


You were in the Dungeon.
You visited 1 branch You collected 162 gold pieces.

Inventory:

Hand Weapons
 a - a +0 mace (weapon)
Armour
 b - a +0 robe
 i - a +0 leather armour (worn)
Wands
 g - a wand of flame (7)
Scrolls
 h - a scroll of blinking
Potions
 e - a potion of haste
 f - 2 potions of magic


   Skills:
 + Level 8.9 Fighting
 + Level 9.1 Maces & Flails
 + Level 2.9 Armour
 - Level 3.6 Dodging
 - Level 2.5 Stealth


You had 5 spell levels left.
You didn't know any spells.
Your spell library was empty.

Dungeon Overview and Level Annotations

Branches:
Dungeon (1/1)

Altars:
Makhleb
Sif Muna
Vehumet
Wu Jian
Xom
Jiyva
Lugonu


Innate Abilities, Weirdness & Mutations

You are immune to sickness and miasma.
Your stone body is resilient. (AC +4)
You are immune to poison.
You resist negative energy. (rN+)
You are resistant to electric shocks. (rElec)
You are resistant to unholy torment.
You are immune to petrification.


Message History

You close the door.
You open the door.
Found 15 arrows and 10 gold pieces.
Found two altars.
A jelly comes into view.
There is an open door here.
Found a radiant altar of Vehumet.
You see here 15 arrows.
You see here 10 gold pieces.
You hit the jelly.
Your hands burn!
The jelly is lightly wounded.
The jelly barely misses you.
You hit the jelly.
Your hands burn!
The jelly is moderately wounded.
The jelly barely misses you.
You hit the jelly.
Your hands burn!
The jelly is heavily wounded.
The jelly hits you but does no damage.
You hit the jelly but do no damage.
Your hands burn!
The jelly is heavily wounded.
The jelly hits you. The acid corrodes you!
You are splashed with acid!
You hit the jelly.
Your hands burn!
The jelly is severely wounded.
The jelly hits you.
You are splashed with acid!
* * * LOW HITPOINT WARNING * * *
You feel better. The jelly hits you but does no damage.
You hit the jelly but do no damage. The acid corrodes you!
Your hands burn!
* * * LOW HITPOINT WARNING * * *
The jelly is severely wounded.
The jelly barely misses you.
You hit the jelly.
Your hands burn!
* * * LOW HITPOINT WARNING * * *
The jelly is almost dead.
The jelly hits you.
* * * LOW HITPOINT WARNING * * *
The acid corrodes you!
You are splashed with acid.
* * * LOW HITPOINT WARNING * * *
Okay, then.
Sorry, you're not good enough to have a special ability.
You hit the jelly but do no damage.
Your hands burn!
You die...

################ ##
#<.#..'..#.)'..#__#
#..)..#.)'..#..+.J+
#..#####'#####'#__#
#..# #..# #(# ##
#..# #### #@# #..#
#J.+ #⌠⌠# ..._#
#### #_.#+# ##+


You could see a jelly.

Vanquished Creatures
  Sigmund (D)
  An ogre (D)
  Ijyb (D)
3 creatures vanquished.

Notes
Turn   | Place    | Note
-------+----------+-------------------------------------------
     0 | D        | Hipnos the Gargoyle Monk began the quest for the Orb.
     0 | D        | Reached XP level 1. HP: 14/14 MP: 1/1
     1 | D        | Noticed Ijyb
    11 | D        | Killed Ijyb
    12 | D        | Reached skill level 4 in Maces & Flails
    12 | D        | Reached XP level 2. HP: 9/20 MP: 2/2
    12 | D        | Reached XP level 3. HP: 11/24 MP: 3/3
   211 | D        | Noticed an ogre
   221 | D        | Killed an ogre
   222 | D        | Reached skill level 7 in Maces & Flails
   222 | D        | Reached skill level 1 in Armour
   222 | D        | Reached XP level 4. HP: 32/32 MP: 4/4
   231 | D        | Noticed Sigmund
   242 | D        | Killed Sigmund
   243 | D        | Reached skill level 9 in Maces & Flails
   243 | D        | Reached XP level 5. HP: 19/40 MP: 5/5
   243 | D        | Reached XP level 6. HP: 21/45 MP: 6/6
   409 | D        | Found a burning altar of Makhleb.
   409 | D        | Found a viscous altar of Jiyva.
   409 | D        | Found a shimmering altar of Xom.
   409 | D        | Found a corrupted altar of Lugonu.
   409 | D        | Noticed a slime creature
   411 | D        | Found an ornate altar of the Wu Jian Council.
   411 | D        | Found a shimmering blue altar of Sif Muna.
   413 | D        | Found a radiant altar of Vehumet.
   422 | D        | HP: 2/45 [acid (6)]
   423 | D        | Splashed by a jelly's acid

Illustrated notes

Levels and vault maps discovered:
D:        dungeon_sprint_1 [red_sonja_temple_1, red_sonja_temple_small_1]

Skill      XL: |  1  2  3  4 |
---------------+-------------+-----
Fighting       | 4 6 8 |  8.9
Maces & Flails | 4 7 9 |  9.1
Dodging        | 3 |  3.6
Armour         | 1 2 |  2.9
Stealth        | |  2.5

Action                   |  1- 3 |  4- 6 || total
-------------------------+-------+-------++-------
Melee: Mace              |    15 |    17 ||    32
  Use: Potion            |     2 |     1 ||     3
 Stab: Sleeping          |     1 |     1 ||     2
Armor: Robe              |     1 |       ||     1
       Leather armour    |       |     3 ||     3
Dodge: Dodged            |     9 |     3 ||    12
